Map: [ESL] Oceanborn

Players

Rhizer

  • Race: Protoss Protoss
  • Spawn Location: 5:00

Kelazhur - Winner!

  • Race: Terran Terran
  • Spawn Location: 11:00

Event: ESL Spring 2024 Finals

VOD

Have the link to the VOD?

Description

Time

  • Played on: May 31, 2024, 11:36 a.m.
  • Length: 12:12

All games in this series

Show
View Real Time Build Order
Export as new Build Order

Rhizer Protoss 

Build Orders: 1 Gate Expand, Phoenix Opening 

Get SALT Encoding   

  12  0:00  Probe  
  13  0:12  Probe  
  14  0:17  Pylon  
  14  0:24  Probe (Chrono Boost)  
  15  0:36  Probe (Chrono Boost)  
  15  0:37  Gateway  
  16  0:44  Probe (Chrono Boost)  
  16  0:45  Assimilator  
  17  0:51  Probe  
  18  1:03  Probe  
  19  1:15  Probe  
  20  1:23  Nexus  
  20  1:32  Cybernetics Core  
  20  1:35  Probe  
  21  1:40  Assimilator  
  21  1:47  Probe  
  21  1:51  Pylon  
  22  1:59  Probe  
  23  2:07  Adept (Chrono Boost)  
  22  2:12  Stargate  
  22  2:15  Probe  
  25  2:22  Shield Battery  
  25  2:24  Warp Gate  
  25  2:29  Probe  
  26  2:34  Adept (Chrono Boost)  
  28  2:41  Probe  
  28  2:51  Probe  
  28  2:54  Probe  
  28  2:58  Shield Battery  
  30  3:03  Phoenix (Chrono Boost)  
  32  3:18  Probe  
  32  3:19  Phoenix (Chrono Boost)  
  33  3:21  Stalker  
  37  3:28  Probe  
  37  3:30  Probe  
  39  3:38  Pylon  
  39  3:40  Phoenix (Chrono Boost)  
  39  3:44  Probe  
  39  3:47  Probe  
  43  4:01  Probe x2  
  45  4:03  Phoenix  
  45  4:08  Assimilator  
  47  4:16  Stalker  
  47  4:17  Probe x2 (Chrono Boost)  
  49  4:24  Assimilator  
  49  4:27  Pylon  
  49  4:28  Robotics Facility  
  49  4:29  Probe (Chrono Boost)  
  49  4:30  Probe (Chrono Boost)  
  51  4:37  Probe (Chrono Boost)  
  51  4:38  Probe (Chrono Boost)  
  53  4:43  Probe x2  
  53  4:44  Pylon  
  55  4:55  Probe  
  55  4:56  Probe  
  56  5:07  Probe  
  56  5:08  Probe  
  56  5:12  Nexus  
  58  5:15  Pylon  
  58  5:16  Observer (Chrono Boost), Robotics Bay  
  59  5:26  Probe x2  
  61  5:31  Shield Battery  
  61  5:32  Immortal (Chrono Boost)  
  65  5:38  Probe  
  65  5:39  Probe  
  67  5:50  Probe  
  67  5:51  Probe  
  67  5:53  Adept  
  71  5:57  Gateway  
  71  5:59  Gateway  
  71  6:04  Colossus (Chrono Boost)  
  71  6:05  Forge  
  71  6:07  Pylon  
  76  6:12  Extended Thermal Lance (Chrono Boost)  
  73  6:20  Probe  
  73  6:25  Probe  
  75  6:28  Adept  
  75  6:34  Shield Battery  
  75  6:38  Phoenix  
  75  6:45  Colossus (Chrono Boost)  
  81  6:51  Shield Battery, Stalker  
  77  7:02  Zealot x2  
  77  7:03  Phoenix (Chrono Boost)  
  77  7:08  Probe  
  82  7:09  Probe x2  
  82  7:10  Shield Battery  
  84  7:26  Zealot x3  
  85  7:35  Probe  
  86  7:37  Colossus (Chrono Boost)  
  86  7:38  Probe  
  86  7:41  Protoss Ground Weapons Level 1 (Chrono Boost)  
  86  7:43  Probe  
  94  7:47  Twilight Council, Probe  
  94  7:50  Probe  
  96  7:52  Zealot  
  96  7:53  Zealot  
  96  7:56  Pylon  
  100  7:59  Probe  
  100  8:01  Assimilator  
  100  8:05  Assimilator, Probe  
  100  8:13  Phoenix (Chrono Boost)  
  100  8:14  Pylon  
  100  8:18  Pylon  
  100  8:19  Probe x2  
  104  8:26  Immortal (Chrono Boost)  
  102  8:28  Zealot  
  102  8:30  Phoenix  
  102  8:42  Probe  
  102  8:47  Stalker  
  101  8:48  Probe, Photon Cannon  
  101  8:49  Probe  
  101  8:50  Stalker x2  
  101  8:54  Probe  
  108  9:01  Probe  
  111  9:04  Charge (Chrono Boost), Probe  
  111  9:06  Probe  
  111  9:07  Warp Prism (Chrono Boost)  
  113  9:12  Gateway  
  113  9:14  Gateway  
  113  9:16  Probe  
  114  9:21  Gateway  
  114  9:23  Templar Archives  
  114  9:29  Zealot  
  116  9:36  Observer (Chrono Boost)  
  117  9:39  Pylon  
  117  9:47  Protoss Ground Weapons Level 2 (Chrono Boost)  
  117  9:57  Pylon  
  117  9:58  Nexus  
  117  10:00  Pylon  
  117  10:01  Photon Cannon  
  117  10:02  Shield Battery  
  116  10:12  Probe  
  117  10:14  Pylon  
  117  10:16  Pylon  
  117  10:18  Disruptor (Chrono Boost), Pylon  
  117  10:20  Pylon  
  117  10:21  Psionic Storm  
  121  10:25  Probe  
  121  10:27  High Templar x5  
  132  10:34  Zealot  
  134  10:37  Gateway  
  134  10:38  Probe x2  
  134  10:40  Gateway  
  134  10:41  Pylon  
  135  10:43  Photon Cannon  
  135  10:46  Pylon  
  135  10:47  Probe  
  136  10:52  Observer (Chrono Boost)  
  133  11:01  Warp Prism  
  129  11:04  High Templar  
  129  11:05  Zealot x2, High Templar  
  137  11:14  Pylon  
  137  11:22  High Templar x2  
  141  11:28  Nexus  
  139  11:36  Pylon  
  139  11:38  High Templar x2  
  139  11:39  Zealot x4  
  151  11:43  Archon  
  151  11:58  Archon x2  
  144  12:04  Zealot  
  144  12:05  Zealot x5  
Show
View Real Time Build Order
Export as new Build Order

Kelazhur Terran - Winner!

Build Orders: 1/1/1 

Get SALT Encoding   

  12  0:00  SCV  
  13  0:12  SCV  
  14  0:17  Supply Depot  
  14  0:24  SCV  
  15  0:38  SCV  
  15  0:40  Barracks  
  16  0:43  Refinery  
  16  0:50  SCV  
  16  0:52  Refinery  
  17  1:02  SCV  
  18  1:15  SCV  
  19  1:25  Supply Depot  
  19  1:27  Orbital Command, Reaper  
  20  1:41  Factory  
  20  1:53  SCV  
  21  2:04  Barracks Reactor  
  21  2:05  SCV  
  22  2:14  Command Center  
  22  2:17  SCV  
  23  2:30  Starport  
  23  2:31  SCV  
  24  2:37  Supply Depot  
  24  2:38  Widow Mine  
  24  2:41  Marine x2  
  29  2:51  SCV  
  29  3:00  Widow Mine  
  29  3:01  Marine x2  
  29  3:04  SCV  
  34  3:10  Medivac  
  36  3:16  SCV  
  36  3:19  Marine x2  
  39  3:22  Factory Tech Lab  
  39  3:24  Barracks  
  39  3:29  SCV  
  40  3:37  Marine x2  
  40  3:38  Barracks  
  40  3:41  Starport Tech Lab  
  42  3:43  SCV  
  43  3:49  Siege Tank  
  43  3:55  Marine x2  
  46  3:59  SCV  
  49  4:07  Raven  
  50  4:11  SCV  
  49  4:17  Orbital Command  
  49  4:23  SCV  
  46  4:25  Marine x2  
  46  4:27  Marine  
  49  4:35  SCV, Marine  
  49  4:36  Stimpack  
  51  4:40  Supply Depot  
  50  4:46  SCV  
  50  4:48  SCV  
  50  4:49  Marine x2  
  54  4:58  Supply Depot  
  54  5:01  SCV  
  54  5:02  Combat Shield, SCV, Marine x2  
  54  5:10  Refinery, Engineering Bay  
  54  5:11  Marine x2  
  54  5:13  Starport Reactor  
  54  5:14  SCV  
  57  5:15  SCV  
  57  5:19  Factory Reactor  
  58  5:24  Marine x2  
  58  5:26  SCV  
  58  5:27  SCV  
  61  5:30  Supply Depot  
  61  5:35  Marine x2  
  63  5:38  SCV  
  63  5:39  SCV  
  64  5:45  Marine x2  
  66  5:50  SCV, Medivac  
  66  5:51  SCV  
  66  5:52  Medivac  
  66  5:54  Supply Depot  
  72  5:59  Marine x2  
  72  6:02  SCV  
  72  6:03  Supply Depot, SCV, Widow Mine  
  78  6:17  Marine  
  78  6:18  Marauder x2  
  83  6:21  SCV x2  
  83  6:22  Marine  
  86  6:28  Widow Mine x2  
  90  6:35  SCV x2  
  90  6:38  Supply Depot, Command Center  
  92  6:41  Terran Infantry Weapons Level 1  
  92  6:42  Marine x2  
  94  6:55  Marauder  
  94  6:59  SCV  
  94  7:01  SCV  
  88  7:06  Marine x2, Marauder  
  91  7:11  SCV  
  91  7:12  Widow Mine  
  91  7:13  Widow Mine  
  96  7:17  Refinery, Barracks x2, Medivac  
  96  7:19  SCV  
  96  7:24  SCV  
  95  7:32  SCV  
  95  7:36  SCV, Marine x2  
  96  7:37  Marauder x2  
  96  7:40  Widow Mine x2  
  96  7:41  Viking  
  96  7:44  SCV  
  101  7:48  SCV  
  102  7:56  SCV  
  102  7:57  Marine x2  
  107  7:58  Supply Depot, Marauder  
  107  7:59  Medivac  
  107  8:00  SCV  
  110  8:08  Barracks Tech Lab, SCV, Marauder  
  110  8:11  Supply Depot  
  110  8:12  SCV  
  114  8:19  Marine  
  117  8:20  SCV, Marauder  
  117  8:23  Marine  
  117  8:24  SCV  
  120  8:28  Medivac  
  120  8:29  Medivac  
  120  8:32  SCV, Barracks Reactor  
  120  8:33  Marauder  
  127  8:36  SCV  
  127  8:40  Orbital Command  
  128  8:44  SCV  
  128  8:47  Marine x2  
  128  8:48  SCV, Marauder  
  130  8:56  SCV, Marauder  
  130  8:58  Viking  
  130  8:59  Viking  
  135  9:03  Starport, Terran Infantry Armor Level 1  
  135  9:06  Armory  
  137  9:10  Marine, Marauder  
  137  9:12  Marauder  
  137  9:13  Marine  
  141  9:18  Supply Depot x2  
  141  9:22  Supply Depot  
  141  9:34  Ghost Academy  
  141  9:36  Supply Depot  
  141  9:37  Supply Depot  
  141  9:39  Marine x2, Marauder x2, Viking  
  141  9:40  Marauder, Viking  
  152  9:51  Viking x2  
  156  9:54  Supply Depot  
  156  9:59  Marine x2  
  148  10:00  Marine x2  
  148  10:06  Ghost x3  
  153  10:18  Viking x2  
  153  10:20  Refinery  
  153  10:21  Refinery  
  155  10:22  Supply Depot  
  155  10:25  Marine x4  
  155  10:27  Viking x2  
  163  10:37  Concussive Shells  
  163  10:41  Marauder x2  
  163  10:42  Marauder  
  169  10:43  Marine x2  
  169  10:45  Supply Depot  
  173  11:05  Viking x3  
  173  11:06  Viking  
  173  11:07  Marine x2  
  181  11:12  Command Center  
  181  11:14  Ghost  
  183  11:20  Missile Turret  
  183  11:21  Missile Turret x2  
  183  11:24  Marine x2  
  183  11:25  Marine x4, Engineering Bay  
  187  11:32  Missile Turret  
  187  11:34  Missile Turret  
  187  11:40  Viking x2  
  187  11:42  Ghost  
Tags
 
Add a new tag
Caveats
  • Supply blocks, unpowered buildings, or Contaminate may cause inaccurate times.
  • Supply counts are checked every 10 seconds.